 Dungeon Crawl Stone Soup version 0.31-a0-702-gf82c85558f (webtiles) character file.

Game seed: 6424470105443041938

11 Bnni the Shield-Bearer (level 2, 24/24 HPs)
             Began as a Formicid Fighter on Sept 8, 2023.
             Was an Initiate of Gozag.
             Quit the game on level 1 of the Dungeon.
             The game lasted 00:00:20 (306 turns).

Bnni the Shield-Bearer (Formicid Fighter)            Turns: 306, Time: 00:00:20

Health: 24/24      AC:  6    Str: 20    XL:     2   Next: 40%
Magic:  2/2        EV:  9    Int:  7    God:    Gozag
Gold:   67         SH:  5    Dex: 13    Spells: 1/1 levels left

rFire   . . .        a - +0 trident
rCold   . . .        c - +0 buckler
rNeg    . . .        b - +0 scale mail
rPois   .            (helmet unavailable)
rElec   .            (no cloak)
rCorr   .            (no gloves)
SInv    +            (no boots)
Will    .....        (no amulet) Stlth
                     (no ring)
HPRegen 0.24/turn    (no ring)
MPRegen 0.08/turn

%: no passive effects
@: no status effects
A: permanent stasis, dig shafts and tunnels, antennae 3, four strong arms
a: Dig, Shaft Self, Renounce Religion, Potion Petition, Call Merchant, Bribe
Branch


You were on level 1 of the Dungeon.
You worshipped Gozag.
Gozag was noncommittal.
You visited 1 branch of the dungeon, and saw 1 of its levels.

You collected 67 gold pieces.

Inventory:

Hand Weapons
 a - a +0 trident (weapon)
Armour
 b - a +0 scale mail (worn)
 c - a +0 buckler (worn)
Scrolls
 e - a scroll of revelation {unknown}
Potions
 d - a potion of might


   Skills:
 + Level 3.4 Fighting
 * Level 2.3 Polearms
 - Level 3.2 Armour
 * Level 4.4 Shields


You had one spell level left.
You didn't know any spells.
Your spell library contained the following spells:

 Spells                   Type           Power      Damage    Failure   Level
 Apportation              Tloc           0%         N/A       85%         1
 Necrotise                Necr           0%         1d4       85%         1
 Sting                    Tmut/Pois      0%         1d3       85%         1
 Summon Small Mammal      Summ           0%         N/A       85%         1


Dungeon Overview and Level Annotations

Branches:
Dungeon (1/15)

Altars:
Gozag


Innate Abilities, Weirdness & Mutations

You cannot be hasted, slowed, berserked, paralysed or teleported.
You can dig through walls and to a lower floor.
You have a pair of large antennae on your head. (SInv)
Your four strong arms can wield two-handed weapons with a shield.


Message History

A ball python is nearby!
You barely miss the ball python. The ball python bites you.
The ball python constricts you.
A ball python is nearby!
You hit the ball python.
You kill the ball python!
You now have 53 gold pieces (gained 9).
You open the door.
A goblin comes into view. It is wielding a +0 club.
The goblin shouts!
Found 14 gold pieces.
There is an open door here.
A goblin is nearby!
A goblin is nearby!
You barely miss the goblin. The goblin hits you but does no damage.
You barely miss the goblin. The goblin closely misses you.
The goblin hits you with a +0 club.
A goblin is nearby!
You hit the goblin.
You kill the goblin!
You now have 67 gold pieces (gained 14).
You sense a monster nearby.
No target in view!
Found a faded altar of an unknown god.
No target in view!
You pick up Plato's Precepts of Effluvium and begin reading...
You add the spell Sting to your library.
There is a faded altar of an unknown god here.
No target in view!
You sense a monster nearby.
No target in view!
A giant cockroach comes into view.
The giant cockroach moves out of view.
No target in view!
There is a faded altar of an unknown god here.
This altar belongs to (a) Yredelemnul, (b) Gozag or (c) Zin, but you can't tell which.
Press the corresponding letter to learn more about a god, or press enter to convert or escape to cancel.
Gozag accepts your prayer! Gozag welcomes you!
Gozag waives the service fee.
Are you sure you want to abandon this character and quit the game? (Confirm with "yes".)

#...# #.##.#.##.# #...#
#.........# #...#
#####......# #...###
.........##. #.#...#
#######.####
######...#.###### #.#
##.....^.........# #.#
#..^.......^.^...# ##'##
#..#P#.#.@.#.#.#.###...##
#P#####.#.#.##..)..## {
.# .#.#..#.......# .#
##.#P........... ..
PP#...+......... .#
##P......####### #.
.....####.####### ...##
#........ ##. #########


There were no monsters in sight!

Vanquished Creatures
  A dart slug (D:1)
  2 goblins (D:1)
  A hobgoblin (D:1)
  2 jackals (D:1)
  A quokka (D:1)
  A ball python (D:1)
8 creatures vanquished.

Notes
Turn   | Place    | Note
-------+----------+-------------------------------------------
     0 | D:1      | Bnni the Formicid Fighter began the quest for the Orb.
     0 | D:1      | Reached XP level 1. HP: 18/18 MP: 1/1
    90 | D:1      | Reached XP level 2. HP: 24/24 MP: 2/2
   293 | D:1      | Found a faded altar of an unknown god.
   300 | D:1      | Got Plato's Precepts of Effluvium
   305 | D:1      | Prayed at the altar of an unknown god.
   305 | D:1      | Became a worshipper of Gozag Ym Sagoz the Greedy
   306 | D:1      | Quit the game

Illustrated notes

Levels and vault maps discovered:
D:1:      dpeg_arrival_simpleton_b, layout_loops_corners,
          shapermc_ecumenical_altar_rom_forum

Action                     || total
---------------------------++-------
  Melee: Trident           ||    20
 Armour: Scale mail        ||    10
  Dodge: Dodged            ||     6
  Block: Buckler           ||     1

Table legend: (Time is in decaauts)
 A = Elapsed time spent in this place.
 B = Non-inter-level travel time spent in this place.
 C = Inter-level travel time spent in this place.
 D = Time resting spent in this place.
 E = Time spent auto-exploring this place.
 F = Levels seen in this place.
 G = Mean time per level.
                   A        B        C        D        E       F      G
               +--------+--------+--------+--------+--------+-----+--------+
         Total |    310 |    310 |      0 |      0 |    254 |   1 |  310.0 |
       Dungeon |    310 |    310 |      0 |      0 |    254 |   1 |  310.0 |
               +--------+--------+--------+--------+--------+-----+--------+

Top non-repeatable levels by time:
     D:1: 310 daAuts
